 Dungeon Crawl Stone Soup version 0.31-a0-986-g5e6e4ef867 (webtiles) character file.

Game seed: 13946814482121059066

83 Naiya55 the Trooper (level 4, -1/37 HPs)
             Began as a Formicid Fighter on Nov 3, 2023.
             Slain by a gnoll
             ... wielding a +0 club
              (2 damage)
             ... on level 2 of the Dungeon.
             The game lasted 00:01:13 (1132 turns).

Naiya55 the Trooper (Formicid Fighter)              Turns: 1132, Time: 00:01:14

Health: -1/37      AC:  6    Str: 23    XL:     4   Next: 71%
Magic:  4/4        EV:  9    Int:  7    God:
Gold:   68         SH:  5    Dex: 13    Spells: 3/3 levels left

rFire   . . .        a - +0 war axe
rCold   . . .        c - +0 buckler
rNeg    . . .        b - +0 scale mail
rPois   .            (helmet unavailable)
rElec   .            (no cloak)
rCorr   .            (no gloves)
SInv    +            (no boots)
Will    .....        (no amulet) Stlth
                     (no ring)
HPRegen 0.26/turn    (no ring)
MPRegen 0.09/turn

%: no passive effects
@: no status effects
A: permanent stasis, dig shafts and tunnels, antennae 3, four strong arms
a: Dig, Shaft Self


You were on level 2 of the Dungeon.
You visited 1 branch of the dungeon, and saw 2 of its levels.

You collected 68 gold pieces.

Inventory:

Hand Weapons
 a - a +0 war axe (weapon)
Armour
 b - a +0 scale mail (worn)
 c - a +0 buckler (worn)
Wands
 i - a wand of flame (12)
Scrolls
 e - a scroll of amnesia {unknown}
 f - 2 scrolls of silence {unknown}
 h - a scroll of enchant armour {unknown}
 j - a scroll of fear {unknown}
Potions
 d - a potion of might
 g - a potion of magic {unknown}
 k - a potion of heal wounds {unknown}


   Skills:
 + Level 4.2 Fighting
 * Level 3.9 Axes
 - Level 3.2 Armour
 - Level 4.0 Shields


You had 3 spell levels left.
You didn't know any spells.
Your spell library was empty.

Dungeon Overview and Level Annotations

Branches:
Dungeon (2/15)

Altars:


Innate Abilities, Weirdness & Mutations

You cannot be hasted, slowed, berserked, paralysed or teleported.
You can dig through walls and to a lower floor.
You have a pair of large antennae on your head. (SInv)
Your four strong arms can wield two-handed weapons with a shield.


Message History

Found a stone staircase leading down.
Found an escape hatch in the floor.
A bat comes into view.
A bat is nearby!
You block the bat's attack.
You closely miss the bat. The bat hits you but does no damage.
The bat closely misses you.
You hit the bat but do no damage. The bat hits you but does no damage.
A gnoll comes into view. It is wielding a +0 halberd.
The gnoll shouts!
You hear a shout! x3
The bat hits you but does no damage.
A gnoll comes into view. It is wielding a +0 spear.
The gnoll moves out of view.
You slash the bat!
You kill the bat!
A gnoll comes into view. It is wielding a +0 club.
The gnoll shouts!
A gnoll comes into view. It is wielding a +0 club.
The gnoll hits you but does no damage. x2
You closely miss the gnoll. You block the gnoll's attack.
The gnoll closely misses you. The gnoll hits you with a +0 club.
You block the gnoll's attack. The gnoll closely misses you.
You closely miss the gnoll. You barely miss the gnoll.
The gnoll hits you but does no damage. You block the gnoll's attack.
The gnoll hits you from afar with a +0 halberd.
You hit the gnoll.
The gnoll is heavily wounded.
You barely miss the gnoll. x2; The gnoll closely misses you.
The gnoll misses you. The gnoll hits you with a +0 club.
The gnoll hits you with a +0 spear.
You hit the gnoll.
The gnoll is almost dead.
You hit the gnoll. You slash the gnoll! The gnoll hits you with a +0 spear.
The gnoll hits you from afar with a +0 halberd.
The gnoll hits you with a +0 club. x2; The gnoll hits you but does no damage.
You block the gnoll's attack.
The gnoll hits you from afar with a +0 halberd!
* * * LOW HITPOINT WARNING * * *
The gnoll hits you with a +0 club.
You die...

..............#
..............#
..............#
..............# #####
..............# ....#
..............# ....#
......ggg.....# ....#
.......@.g....# ....#
#######.#######
....######.#####.####
....................#
....##..............#
######..............##
..####...............###
........................
#.#....#########.....###


You could see 4 gnolls.

Vanquished Creatures
  Robin (D:2)
  2 gnolls (D:1)
  A worm (D:2)
  2 endoplasms (D:1)
  2 giant cockroaches (D:1)
  10 goblins
  4 hobgoblins
  4 jackals (D:1)
  A quokka (D:1)
  3 ball pythons (D:1)
  2 bats
  4 frilled lizards
  7 kobolds (D:1)
  5 rats
48 creatures vanquished.

Notes
Turn   | Place    | Note
-------+----------+-------------------------------------------
     0 | D:1      | Naiya55 the Formicid Fighter began the quest for the Orb.
     0 | D:1      | Reached XP level 1. HP: 18/18 MP: 1/1
    27 | D:1      | Reached XP level 2. HP: 23/24 MP: 2/2
   100 | D:1      | Reached XP level 3. HP: 13/30 MP: 3/3
   544 | D:1      | Reached XP level 4. HP: 35/37 MP: 4/4
   897 | D:2      | Noticed Robin
   912 | D:2      | Killed Robin
  1132 | D:2      | HP: 1/37 [gnoll/+0 halberd (11)]
  1132 | D:2      | Slain by a gnoll

Illustrated notes

Levels and vault maps discovered:
D:1:      saegor_arrival_miasma, layout_basic, minmay_misc_feat_iff,
          nicolae_titane
D:2:      layout_basic, uniq_robin, uniq_jessica, uniq_crazy_yiuf_cottage

Skill      XL: |  1  2  3  4 |
---------------+-------------+-----
Axes           | 3 |  3.9
Fighting       | 4 |  4.2
Armour         | |  3.2
Shields        | |  4.0

Action                     |  1- 3 |  4- 6 || total
---------------------------+-------+-------++-------
  Melee: War axe           |    83 |    62 ||   145
 Armour: Scale mail        |    61 |    55 ||   116
  Dodge: Dodged            |    39 |    32 ||    71
  Block: Buckler           |    22 |    14 ||    36

Table legend: (Time is in decaauts)
 A = Elapsed time spent in this place.
 B = Non-inter-level travel time spent in this place.
 C = Inter-level travel time spent in this place.
 D = Time resting spent in this place.
 E = Time spent auto-exploring this place.
 F = Levels seen in this place.
 G = Mean time per level.
                   A        B        C        D        E       F      G
               +--------+--------+--------+--------+--------+-----+--------+
         Total |   1183 |   1177 |      6 |      0 |    845 |   2 |  591.5 |
       Dungeon |   1183 |   1177 |      6 |      0 |    845 |   2 |  591.5 |
               +--------+--------+--------+--------+--------+-----+--------+

Top non-repeatable levels by time:
     D:1: 823 daAuts
     D:2: 359 daAuts
